← All builds
Tech / Armada / Economy first / OBSERVED BUILD

Standard tech

Armada Tech (Eco) build order · Supreme Isthmus

Rushes T2 factory and Advanced Metal Extractor while sending the first T2 constructor to Geo, scaling team eco and mex upgrades through the full 15 minutes.

Usually first T2 con to Geo (84%)

#eco #t2 #team support · 901 distinct matches · 120 players · 60% of Armada Tech games · team won 53% of 1034 · Recently observed

HOW TO PLAY IT

Key timing: T2 factory by 4:15

  1. Open mex and wind, start bot lab right away.
  2. Get bot lab up and begin feeding early cons.
  3. Start advanced bot lab to rush T2 factory.
  4. Finish T2 factory and push advanced metal extractor by 5:29.
  5. Build Citadel, Platypus and Umbrella as anti-nuke defence transition.

Phase by phase

TYPICAL OF ITS 901 GAMES
  1. 1
  2. 2
  3. 3
  4. 4
PLAY THE OPENING

Follow the example game's first 6:00 step by step: what to build now, what comes next, and where it goes. At 1× it keeps pace with your own game.

  1. 1

    Up to the Bot Lab

    Economy
    • Metal Extractor3Mex
    • Wind Turbine4Wind
    Order
    1. Bot LabBot Lab after 3 mex, 4 winddone ~1:17, middle half 1:13–1:31

    By 1:01 in all: 3 mex · 4 wind

    The example game in this phase · 3 steps
    1. Mex ×3
    2. Wind ×4
    3. Bot LabBot Labdone 1:14 · typical 1:17
  2. 2

    Bot Lab to Advanced Bot Lab

    Economy
    • Metal Extractor1Mex
    • Wind Turbine8Wind
    • Energy Storage1Energy storage
    Order
    1. Advanced Bot LabAdvanced Bot Lab after 4 mex, 12 wind, 3 con turretdone ~4:15, middle half 4:04–4:28
    Builders
    • Construction Turret3 Con turret
    • Lazarus3 Lazarus
    • Construction Bot2 Con bot
    • Construction Bot1 Con bot for allies

    Some games also: converter (35%)

    By 3:19 in all: 4 mex · 12 wind · 1 energy storage · 3 con turret

    The example game in this phase · 20 steps
    1. Wind
    2. Construction BotCon bot
    3. LazarusLazarus
    4. Wind
    5. Construction BotCon botfor Air
    6. Wind ×2
    7. Mex
    8. Construction BotCon bot
    9. Wind
    10. Con turret
    11. Wind ×2
    12. Energy storage
    13. Wind
    14. Con turret
    15. Wind ×3
    16. Converter
    17. Bot LabEat Bot Labreclaimed for its metal
    18. Converter
    19. Wind ×2
    20. Advanced Bot LabAdvanced Bot Labdone 4:13 · typical 4:15
  3. 3

    Advanced Bot Lab to 5:00

    Economy
    • Wind Turbine2Wind
    Order
    1. Bot LabEat Bot Lab
    Builders
    • Advanced Construction Bot1 T2 con bot for allies

    Some games also: converter (35%)

    By 5:00 in all: 4 mex · 15 wind · 2 converter · 1 energy storage · 3 con turret

    The example game in this phase · 4 steps
    1. Wind ×2
    2. Advanced Construction BotT2 con botfor Geo
    3. FatboyFatboyfor Ponddone 5:35
    4. Advanced Metal ExtractorT2 mexdone 5:54 · typical 5:29
  4. 4

    5:00 to 10:00

    Economy
    • Wind Turbine44Wind
    • Energy Converter6Converter
    Builders
    • Butler8 Butler
    • Advanced Construction Bot4 T2 con bot for allies
    • Advanced Construction Bot1 T2 con bot

    Some games also: con turret (49%) · Butler for allies (37%)

    By 10:00 in all: 4 mex · 59 wind · 8 converter · 1 energy storage · 3 con turret

    The example game in this phase · 212 steps
    1. Advanced Construction BotT2 con botfor Air
    2. Wind ×2
    3. Advanced Metal ExtractorT2 mex ×2
    4. Wind ×5
    5. Advanced Construction BotT2 con botfor Geo sea
    6. Wind ×4
    7. Advanced Construction BotT2 con botfor Beach sea
    8. Wind ×2
    9. Advanced Construction BotT2 con botfor Pond
    10. Wind ×2
    11. ButlerButler
    12. Converter
    13. ButlerButler
    14. Wind
    15. Converter
    16. Advanced Metal ExtractorT2 mex
    17. ButlerButler
    18. Converter
    19. ButlerButler
    20. Converter
    21. Wind
    22. ButlerButlerfor Geo sea
    23. Converter
    24. Wind
    25. Windfor Geo
    26. ButlerButler
    27. Wind ×2for Pond
    28. GunslingerGunslingerfor Airdone 9:56
    29. Wind ×8for Pond
    30. Wind
    31. ButlerButler
    32. Wind ×2for Pond
    33. ButlerButler
    34. Wind ×2for Pond
    35. Wind
    36. ButlerButler
    37. Wind ×2for Pond
    38. ButlerButler
    39. Wind
    40. Wind ×2for Pond
    41. ButlerButler
    42. Windfor Pond
    43. Wind
    44. Windfor Geo
    45. ButlerButler
    46. Wind ×2for Pond
    47. Wind
    48. ButlerButler
    49. Wind ×2for Pond
    50. ButlerButlerfor Beach sea
    51. Wind ×2
    52. Windfor Geo
    53. ButlerButlerfor Beach sea
    54. Converter
    55. Wind
    56. ButlerButler
    57. Wind
    58. Windfor Geo
    59. Converter
    60. Wind
    61. Wind ×2for Geo
    62. Wind
    63. Converter
    64. Windfor Geo
    65. Wind
    66. Windfor Pond
    67. Converter
    68. ButlerButler
    69. Wind
    70. Wind ×2for Geo
    71. Converter
    72. Wind
    73. ButlerButler
    74. Converter
    75. Windfor Geo
    76. Wind ×2
    77. Advanced Construction BotT2 con bot
    78. Windfor Pond
    79. Converter
    80. Windfor Geo
    81. Wind ×3
    82. Converter
    83. Wind ×4
    84. Converter
    85. Wind ×2
    86. Converter
    87. Wind ×4
    88. Converter
    89. Wind ×4
    90. Converter
    91. Wind ×3
    92. Windfor Pond
    93. Wind
    94. Converter
    95. Wind
    96. CitadelAnti-nukedone 14:32
    97. Wind
    98. Converter
    99. Wind
    100. Windfor Pond
    101. Wind ×4
    102. Converter
    103. Windfor Pond
    104. Wind
    105. Converter
    106. Wind ×4
    107. Windfor Pond
    108. Converter
    109. Wind ×3
    110. Converter
    111. Wind ×4
    112. Converter
    113. Wind ×5
    114. Converter
    115. Wind ×4
    116. Converter
    117. Wind ×2
    118. PlatypusPlatypus
    119. Wind ×2
    120. Converter
    121. Wind ×5
    122. PlatypusPlatypus
    123. Wind ×2
    124. Converter
    125. Wind
    126. Con turret
    127. Wind
    128. Converter
    129. Wind ×6
    130. PlatypusPlatypus
    131. Wind ×2
    132. Converter
    133. Wind ×3
    134. Converter
    135. Wind
    136. Con turret
    137. Wind ×3
    138. PlatypusPlatypus
    139. Wind ×2
    140. Converter
    141. Wind ×3
    142. Converter
    143. Wind ×2
    144. Con turret
    145. Wind ×5
    146. Converter
    147. PlatypusPlatypus
    148. Wind
    149. Converter
    150. Con turret
    151. Wind ×7
    152. Con turret
    153. Wind
    154. Converter
    155. Wind
    156. Converter
    157. PlatypusPlatypus
    158. Wind ×7
    159. Converter
    160. Wind ×2
    161. Converter
    162. Wind
    163. PlatypusPlatypus
    164. Wind ×2
    165. Converter
    166. Wind ×2
    167. Converter
    168. Wind ×3
    169. PlatypusPlatypus
    170. Wind ×2
    171. Converter
    172. Wind ×2
    173. PlatypusPlatypus
    174. Wind ×2
    175. Converter
    176. Wind ×3
    177. PlatypusPlatypus
    178. Wind
    179. Converter
    180. Wind
    181. Converter
    182. Wind ×3
    183. PlatypusPlatypus
    184. Wind ×2
    185. Converter
    186. Wind ×2
    187. PlatypusPlatypus
    188. Wind ×2
    189. Converter
    190. Wind ×3
    191. PlatypusPlatypus
    192. Converter
    193. Wind ×2
    194. Converter
    195. Wind ×3
    196. PlatypusPlatypus
    197. Wind ×4
    198. Converter
    199. PlatypusPlatypus
    200. Converter
    201. Wind ×2
    202. PinpointerPinpointer
    203. Wind ×2
    204. Converter
    205. Wind ×2
    206. Converter
    207. Advanced Construction BotT2 con bot
    208. Wind ×3
    209. Converter
    210. Wind ×2
    211. Converter
    212. Wind

Counts are medians over the build's games: half of them build more, half fewer. The example game is RAM_WetRat's (44 OS, 08/10/2026); pick another.

Team trades

IN AT LEAST 30% OF ITS GAMES

You hand over

  • Construction Bot1 Con bot to Airfirst at 2:22 · in 87% of games
  • Advanced Construction Bot5 T2 con bot to Air or Geo sea or Pondfirst at 4:48 · in 99% of games
  • Sharpshooter2 Sniper bot to Pondfirst at 5:23 · in 32% of games
  • Butler2 Butler to Geo sea or Beach sea or Pondfirst at 9:05 · in 42% of games

You get

  • Hercules1 Light transport from Airfirst at 4:00 · in 85% of games

How it plays out

Typical game of this build, running totals by minute

Metal produced

020k40k
0:005:0010:0015:00

metal

Enemy metal destroyed

0100200300
0:005:0010:0015:00

metal

Own metal lost

0100200300
0:005:0010:0015:00

metal

1034 games.

Show as table
ByMetal produced: This buildEnemy metal destroyed: This buildOwn metal lost: This build
1:0038300
2:0091600
3:00164500
4:00316200
5:00486400
6:00580800
7:00723600
8:00911000
9:001125000
10:001358800
11:001643300
12:001999100
13:002375900
14:00276067381
15:0031704295204
WHAT THE NUMBERS SAY

This is the role's textbook T2 rush, posting the highest metal production of any build shown (31617 by 15:00) with almost no early losses.

  • + T2 factory done by 4:15 in 97% of games, extremely consistent.
  • + Own metal lost is only 228 by 15:00, near untouched economy.
  • − Team win rate is the lowest of all builds shown at 53%, fast eco alone doesn't decide games.
THE EXAMPLE YOU ARE READING

RAM_WetRat

43.6 OS · 08/10/2026

Open source match ↗

14 received units
3809 metal received · 62518 energy received

Allied construction assistance is unknown. Timings are observations, not a promise of solo reproducibility.

Typical milestones

Bot Lab1:17Middle 50%: 1:13–1:31 · n=1034
Advanced Bot Lab4:15Middle 50%: 4:04–4:28 · n=1028
Advanced Metal Extractor5:29Middle 50%: 5:06–5:59 · n=1032

Played most by

Amrissa100games of this buildKOT_45games of this buildSyphos42games of this buildAdeus39games of this buildWashedGamuer39games of this build